 Dungeon Sprint DCSS version 0.21.1-1-g345015f (webtiles) character file.

2993 doot the Blocker (level 9, -3/91 HPs)
             Began as a Minotaur Fighter on Feb 6, 2018.
             Was a High Priest of Okawaru.
             Slain by a shadow wraith (11 damage)
             ... in the Dungeon (Sprint VII: "The Pits").
             The game lasted 00:06:19 (1223 turns).

doot the Blocker (Minotaur Fighter)                 Turns: 1223, Time: 00:06:19

Health: -3/91      AC: 16    Str: 24    XL:     9   Next: 54%
Magic:  8/8        EV: 10    Int:  5    God:    Okawaru [*****.]
Gold:   0          SH: 13    Dex: 10    Spells: 8/8 levels left

rFire    . . .     SeeInvis .   v - +7 broad axe
rCold    . . .     Gourm    .   c - +0 shield
rNeg     . . .     Faith    .   C - +4 chain mail
rPois    .         Spirit   .   (helmet restricted)
rElec    .         Reflect  .   (no cloak)
rCorr    .         Harm     .   (no gloves)
MR       .....     NoTele   +   (no boots)
Stlth    ..........             (no amulet)
HPRegen  0.25/turn              (no ring)
MPRegen  0.11/turn              (no ring)

@: very slightly contaminated, slowed, invisible, very slow
A: retaliatory headbutt, horns 2
a: Heroism, Finesse, Renounce Religion


You were in the Dungeon.
You worshipped Okawaru.
Okawaru was extremely pleased with you.
You were not hungry.

You visited 1 branch

Inventory:

Hand Weapons
 a - a +0 flail
 m - a +2 mace
 t - a +1 flail of protection
 u - a +2 trident of piercing
 v - a +7 broad axe (weapon)
Missiles
 w - 4 poisoned javelins (quivered)
Armour
 b - a +0 scale mail
 c - a +0 shield (worn)
 r - a +3 chain mail
 s - a +3 scale mail
 x - a +0 chain mail
 C - a +4 chain mail (worn)
Jewellery
 l - a +3 ring of dexterity
 y - a +3 ring of strength
Scrolls
 k - a scroll of blinking
 o - 3 scrolls of remove curse
 p - 5 scrolls of amnesia
 q - a scroll of summoning
Potions
 e - 7 potions of curing
 g - 10 potions of heal wounds
 h - a potion of haste
 i - 4 potions of magic
 j - 3 potions of berserk rage
 n - a potion of invisibility
 z - a potion of resistance
 A - a potion of might
 B - a potion of brilliance
Comestibles
 f - 9 rations


   Skills:
 + Level 12.5 Fighting
 + Level 7.3(11.0) Axes
 + Level 12.7(13.4) Maces & Flails
 + Level 11.8 Armour
 + Level 4.2 Dodging
 + Level 1.0 Stealth
 + Level 13.5 Shields
 + Level 0.2 Invocations


You had 8 spell levels left.
You didn't know any spells.

Dungeon Overview and Level Annotations

Branches:
Dungeon (1/1)

Altars:
Ashenzari
Cheibriados
Dithmenos
Elyvilon
Fedhas
Gozag
Hepliaklqana
Kikubaaqudgha
Makhleb
Nemelex Xobeh
Okawaru
Qazlal
Ru
Sif Muna
Trog
Uskayaw
Vehumet
Wu Jian
Xom
Yredelemnul
Zin
The Shining One
Beogh
Jiyva
Lugonu

Annotations:
D Erica, Gastronok, Jessica


Innate Abilities, Weirdness & Mutations

You reflexively headbutt those who attack you in melee.
You have a pair of horns on your head.


Message History

Something hits you but does no damage.
Unknown command.
You fade into invisibility!
You block the gnoll's attack. Something hits you. Something drains your vigour!
You feel yourself slow down.
You are very lightly contaminated with residual magic.
Something hits you!
* * * LOW HITPOINT WARNING * * *
Gastronok mumbles some strange words.
Jessica casts a spell at you.
Unknown command.
You slice something!!
The quokka disappears in a puff of smoke!
Something hits you!
* * * LOW HITPOINT WARNING * * *
Something drains your vigour!
You feel as though you will be slow longer.
You block the gnoll's attack.
Gastronok casts a spell.
Gastronok puts on a burst of speed!
Something hits you!
You die...

.#.)#####'#####''#####
.#))##.......##''#####
##).##.......##......+ +
.#..##.......##......+ .+
.#'###...<...##.....##..#
....##.......##...###....
....##.......##..##r.....
######.......##''#@bw#..#
.#..###########.@{.b.....
.#.############++#gb.#..#
.#.#....#..[[# #......
##'#....#..[.# ##....
.#.'....'..))# ..#
.#'#....#..))# .+
.).#....#..))# +
##############


You could see Gastronok, a gnoll, a river rat, Jessica and 3 bats.

Vanquished Creatures
  A two-headed ogre (D)
  Urug (D)
  An unseen horror (D)
  A sea snake (D)
  A polar bear (D)
  A warg (D)
  A porcupine (D)
  2 floating eyes (D)
  A crimson imp (D)
  2 mummies (D)
  2 gnolls (D)
  An adder (D)
  2 leopard geckos (D)
  4 giant cockroaches (D)
  A hobgoblin (D)
  2 quokkas (D)
  A bat (D)
  A frilled lizard (D)
  A goblin (D)
27 creatures vanquished.

Notes
Turn   | Place    | Note
-------+----------+-------------------------------------------
     0 | D        | doot the Minotaur Fighter began the quest for the Orb.
     0 | D        | Reached XP level 1. HP: 19/19 MP: 0/0
    14 | D        | Reached skill level 4 in Shields
    14 | D        | Reached XP level 2. HP: 28/28 MP: 1/1
    20 | D        | Found a bloodstained altar of Trog.
    20 | D        | Found a deep blue altar of Sif Muna.
    20 | D        | Found a viscous altar of Jiyva.
    20 | D        | Found a hazy altar of Hepliaklqana.
    20 | D        | Found an opulent altar of Gozag.
    21 | D        | Found a glowing golden altar of the Shining One.
    21 | D        | Found a glowing silver altar of Zin.
    21 | D        | Found a basalt altar of Yredelemnul.
    21 | D        | Found a shimmering altar of Xom.
    21 | D        | Found an ornate altar of the Wu Jian Council.
    21 | D        | Found a sacrificial altar of Ru.
    21 | D        | Found a stormy altar of Qazlal.
    21 | D        | Found an iron altar of Okawaru.
    21 | D        | Found a sparkling altar of Nemelex Xobeh.
    21 | D        | Found a burning altar of Makhleb.
    21 | D        | Found a blossoming altar of Fedhas.
    21 | D        | Found a white marble altar of Elyvilon.
    21 | D        | Found a shadowy altar of Dithmenos.
    21 | D        | Found a snail-covered altar of Cheibriados.
    22 | D        | Found a radiant altar of Vehumet.
    22 | D        | Found a corrupted altar of Lugonu.
    22 | D        | Found a roughly hewn altar of Beogh.
    23 | D        | Found an ancient bone altar of Kikubaaqudgha.
    23 | D        | Found a hide-covered altar of Uskayaw.
    23 | D        | Found a shattered altar of Ashenzari.
    30 | D        | Became a worshipper of Warmaster Okawaru
    74 | D        | Noticed a floating eye
    80 | D        | Paralysed by a floating eye for 3 turns
    85 | D        | Killed a floating eye
    85 | D        | Reached skill level 7 in Shields
    85 | D        | Reached XP level 3. HP: 39/39 MP: 2/2
    85 | D        | Reached XP level 4. HP: 47/47 MP: 3/3
   312 | D        | Noticed a porcupine
   313 | D        | Reached XP level 5. HP: 48/52 MP: 4/4
   331 | D        | Killed a porcupine
   331 | D        | Reached * piety under Okawaru
   331 | D        | Reached skill level 8 in Shields
   416 | D        | Reached skill level 1 in Dodging
   457 | D        | Noticed Urug
   469 | D        | Killed Urug
   469 | D        | Reached ** piety under Okawaru
   469 | D        | Reached *** piety under Okawaru
   469 | D        | Reached skill level 10 in Fighting
   469 | D        | Reached skill level 10 in Maces & Flails
   469 | D        | Reached skill level 10 in Armour
   469 | D        | Reached skill level 11 in Shields
   469 | D        | Reached XP level 6. HP: 37/67 MP: 5/5
   469 | D        | Reached XP level 7. HP: 40/73 MP: 6/6
   673 | D        | Paralysed by a floating eye for 4 turns
   684 | D        | Paralysed by a floating eye for 4 turns
   690 | D        | Paralysed by a floating eye for 3 turns
   701 | D        | Reached XP level 8. HP: 80/81 MP: 7/7
   713 | D        | Noticed a two-headed ogre
   713 | D        | Noticed a polar bear
   721 | D        | Killed a polar bear
   721 | D        | Reached skill level 1 in Axes
   725 | D        | Killed a two-headed ogre
   725 | D        | Reached **** piety under Okawaru
   725 | D        | Reached skill level 12 in Shields
   990 | D        | Killed an unseen horror
   990 | D        | Reached skill level 13 in Shields
   990 | D        | Reached XP level 9. HP: 44/90 MP: 8/8
  1206 | D        | Noticed Jessica
  1206 | D        | Noticed a sea snake
  1207 | D        | Noticed Erica
  1209 | D        | Noticed Gastronok
  1219 | D        | Killed a sea snake
  1219 | D        | Reached ***** piety under Okawaru
  1219 | D        | Reached skill level 1 in Stealth
  1223 | D        | Slain by a shadow wraith

Skill      XL: |  1  2  3  4  5  6  7  8  9 |
---------------+----------------------------+-----
Fighting       | 4 7 10 12 | 12.5
Armour         | 4 6 7 10 11 | 11.8
Shields        | 4 7 11 13 | 13.5
Maces & Flails | 4 10 12 | 12.7
Dodging        | 2 4 |  4.2
Axes           | 6 7 |  7.3
Stealth        | 1 |  1.0
Invocations    | |  0.2

Action                   |  1- 3 |  4- 6 |  7- 9 || total
-------------------------+-------+-------+-------++-------
Melee: Flail             |     5 |    38 |       ||    43
       Headbutt          |     6 |     9 |     6 ||    21
       Mace              |     8 |     8 |       ||    16
       Broad axe         |       |       |    49 ||    49
Invok: Heroism           |       |       |     1 ||     1
  Use: Potion            |       |     1 |     3 ||     4
  Eat: Chunk             |       |       |     1 ||     1
Armor: Scale mail        |     7 |     1 |       ||     8
       Chain mail        |       |     6 |    43 ||    49
Dodge: Dodged            |     4 |     6 |    18 ||    28
Block: Shield            |     1 |    21 |    38 ||    60
